[Event "German-ch Blitz Women 2022"]
[Site "Magdeburg"]
[Date "2022.08.13"]
[Round "23.12"]
[White "Rath, Alina"]
[Black "Kunze, Kerstin"]
[Result "1-0"]
[ECO "A25"]
[WhiteElo "2062"]
[BlackElo "2020"]
[Annotator "NA RC"]
[PlyCount "37"]
[EventDate "2022.08.10"]
[EventType "tourn"]
[EventCountry "GER"]
[SourceTitle "playchess.com"]
[Source "ChessBase"]
[SourceQuality "1"]
[TimeControl "180+2"]

1. c4 e5 2. Nc3 Nc6 3. g3 Nf6 4. Bg2 Be7 5. e4 O-O 6. Nge2 d6 7. O-O Be6 8. d3 Qd7 9. f4 Bh3 10. f5 Bxg2 11. Kxg2 Nd4 12. h3 Nxe2 13. Qxe2 c6 14. g4 g6 15. Bh6 Rfe8 16. Qf2 d5 17. fxg6 hxg6 18. g5 Kh7 19. gxf6 1-0